AoeStats
← waLLefps.

QS Arena

503398467Analyzed
1v1 RM · 1mo ago on Aug 31, 2026· 32m 42s· 2 players
Game mode
Random Map
Map size
Tiny (2 player)
Population
200
Speed
Normal
Resources
Standard
Victory
Conquest
Starting age
Dark Age
Ending age
Imperial Age
RankedLock teamsTeams togetherTeam positionsShared explorationLock speedFull tech treeHidden civsTurbo modeCheats
Victory
Defeat
🇹🇷 Lithuanians · Türkiye
1407
+14
🇮🇳 Khmer · India
1360
-14
Eby
8:33 Feudal Age
12:32 Castle Age
11:11 Double-Bit Axe
12:56 Light Cavalry
14:57 Wheelbarrow
14:09 Loom
21:31 Hand Cart
22:23 Bow Saw
22:00 Horse Collar
23:43 Heavy Plow
25:18 Town Watch
28:40 Imperial Age
26:30 Gold Mining
26:51 Husbandry
27:31 Bloodlines
28:49 Scale Barding Armor
28:59 Forging
29:19 Elite Battle Elephant
32:15 Chain Barding Armor
32:31 Iron Casting
waLLefps.
6:56 Feudal Age
11:53 Castle Age
12:29 Double-Bit Axe
20:23 Wheelbarrow
19:42 Loom
21:57 Bow Saw
21:29 Horse Collar
23:34 Heavy Plow
23:51 Hand Cart
23:44 Town Watch
25:28 Scale Barding Armor
25:34 Forging
25:17 Fletching
25:52 Husbandry
26:04 Bloodlines
29:25 Imperial Age
27:34 Chain Barding Armor
27:50 Iron Casting
27:16 Padded Archer Armor
28:06 Gold Mining
28:07 Stone Mining
28:50 Pikeman
29:30 Squires
29:31 Scale Mail Armor
29:27 Bodkin Arrow
29:54 Ballistics
29:45 Masonry
29:16 Treadmill Crane
30:51 Murder Holes
30:37 Halberdier
32:46 Chain Mail Armor
Connection lost

Rejoining the realm…

Still unreachable

The connection could not be restored.

Session expired

The server has moved on; the page needs a fresh start.